Workbook

Sheet Pág. 0
B1: Agencia Tributaria
A3: Modelo 390 | C3: Diseño de registro. Castellano.
A4: vers.1.01 | C4: IVA
A5: Nº | B5: Posic. | C5: Lon | D5: Tipo | E5: Descripción | F5: Validación | G5: Contenido
A6: 1 | B6: 1 | C6: 2 | D6: An | E6: Inicio del identificador de modelo y página. | G6: Constante "<T"
A7: =A6+1 -> 2 | B7: =B6+C6 -> 3 | C7: 3 | D7: An | E7: Modelo. | G7: Constante "390"
A8: =A7+1 -> 3 | B8: =B7+C7 -> 6 | C8: 1 | D8: An | E8: Discriminante | G8: Constante "0"
A9: =A8+1 -> 4 | B9: =B8+C8 -> 7 | C9: 4 | D9: An | E9: Ejercicio de devengo (EEEE) | G9: Nota 2
A10: =A9+1 -> 5 | B10: =B9+C9 -> 11 | C10: 2 | D10: An | E10: Periodo (PP) | G10: "0A"
A11: =A10+1 -> 6 | B11: =B10+C10 -> 13 | C11: 5 | D11: An | E11: Tipo y cierre | G11: "0000>"
A12: =A11+1 -> 7 | B12: =B11+C11 -> 18 | C12: 5 | D12: An | E12: Constante | G12: "<AUX>"
A13: =A12+1 -> 8 | B13: =B12+C12 -> 23 | C13: 70 | D13: An | E13: Reservado para la Administración. Rellenar con blancos | G13: BLANCOS
A14: =A13+1 -> 9 | B14: =B13+C13 -> 93 | C14: 4 | D14: An | E14: Versión del Programa | G14: Nota 1
A15: =A14+1 -> 10 | B15: =B14+C14 -> 97 | C15: 4 | D15: An | E15: Reservado para la Administración. Rellenar con blancos | G15: BLANCOS
A16: =A15+1 -> 11 | B16: =B15+C15 -> 101 | C16: 9 | D16: An | E16: NIF Empresa Desarrollo | G16: Nota 1
A17: =A16+1 -> 12 | B17: =B16+C16 -> 110 | C17: 213 | D17: An | E17: Reservado para la Administración. Rellenar con blancos | G17: BLANCOS
A18: =A17+1 -> 13 | B18: =B17+C17 -> 323 | C18: 6 | D18: An | E18: Constante | G18: "</AUX>"
A19: =A18+1 -> 14 | B19: =B18+C18 -> 329 | C19: variable | D19: An | E19: Contenido del fichero. Aquí se debe incluir el contenido de las páginas correspondientes a la declaración según el formato descrito para cada página en este mismo documento
A20: =A19+1 -> 15 | B20: *** | C20: 18 | D20: An | E20: Constante. </T+ modelo+discriminante+Ejercicio+periodo+Tipo+> | G20: "</T3900EEEEPP0000>"
A21: TOTAL | C21: variable | D21: POSICIONES
A23: Nota1:
A24: A cumplimentar por las entidades desarrolladoras (EEDD):
A25: Versión del programa: Debe consignarse el identificador de la versión del SW desarrollado por la ED
A26: NIF Empresa Desarrollo: Debe consignarse el NIF de la ED del SW
A28: Nota2:
A29: EEEE indica las cuatro cifras del ejercicio en curso
A31: Nota3:
A32: 1. Los campos deben ser A (Alfabético) An (Alfanumérico), Num (Numérico sin signo) o N (Numérico con signo).
A33: 2. Los campos alfanuméricos (An) sólo admiten letras, números y blancos. Deberán estar alineados a la izquierda, rellenando con blancos por la derecha.
A34: 3. Los campos numéricos (Num) sólo admiten números. Los datos numéricos deberán estar alineados a la derecha rellenando con ceros por la izquierda.
A35: 4. Los campos numéricos con signo (N) admiten números más el carácter N . Los datos numéricos deberán estar alineados a la derecha rellenando con ceros por la izquierda.
A36: 5. Los datos numéricos negativos llevarán una N en la primera posición del campo.

Sheet Pág. 1
B1: Agencia Tributaria
A3: Modelo 390 | C3: Diseño de registro. Castellano.
A4: ='Pág. 0'!A4:B4 -> vers.1.01 | C4: IVA
A5: Nº | B5: Posic. | C5: Lon | D5: Tipo | E5: Descripción | F5: Validación | G5: Contenido
A6: 1 | B6: 1 | C6: 2 | D6: An | E6: Inicio del identificador de modelo y página. | F6: OBLIGATORIO | G6: Constante "<T"
A7: =A6+1 -> 2 | B7: =B6+C6 -> 3 | C7: 3 | D7: Num | E7: Modelo. | F7: OBLIGATORIO | G7: Constante "390"
A8: =A7+1 -> 3 | B8: =B7+C7 -> 6 | C8: 5 | D8: Num | E8: Página. | F8: OBLIGATORIO | G8: Constante "01000"
A9: =A8+1 -> 4 | B9: =B8+C8 -> 11 | C9: 1 | D9: An | E9: Fin de identificador de modelo. | F9: OBLIGATORIO | G9: Constante ">"
A10: =A9+1 -> 5 | B10: =B9+C9 -> 12 | C10: 1 | D10: A | E10: Indicador de página complementaria. | G10: En blanco
A11: =A10+1 -> 6 | B11: =B10+C10 -> 13 | C11: 1 | D11: A | E11: RESERVADO PARA LA A.E.A.T. (Dejar en blanco)
A12: =A11+1 -> 7 | B12: =B11+C11 -> 14 | C12: 9 | D12: An | E12: 1. Sujeto pasivo - NIF. | F12: OBLIGATORIO | G12: Cualquier NIF válido PF o PJ.
A13: =A12+1 -> 8 | B13: =B12+C12 -> 23 | C13: 60 | D13: An | E13: 1. Sujeto pasivo - Apellidos o Razón Social. | F13: OBLIGATORIO
A14: =A13+1 -> 9 | B14: =B13+C13 -> 83 | C14: 20 | D14: An | E14: 1. Sujeto pasivo - Nombre. | F14: OBLIGATORIO (persona fisica)
A15: =A14+1 -> 10 | B15: =B14+C14 -> 103 | C15: 4 | D15: Num | E15: 2. Devengo - Ejercicio. | F15: OBLIGATORIO | G15: Constante "2018"
A16: =A15+1 -> 11 | B16: =B15+C15 -> 107 | C16: 2 | D16: An | E16: RESERVADO PARA LA A.E.A.T. (Dejar en blanco)
A17: =A16+1 -> 12 | B17: =B16+C16 -> 109 | C17: 1 | D17: An | E17: 1. Sujeto pasivo - Registro de devolución mensual. | G17: "0" ó "1"
A18: =A17+1 -> 13 | B18: =B17+C17 -> 110 | C18: 1 | D18: An | E18: 1. Sujeto pasivo - Regimen especial del grupo de entidades | G18: "0" ó "1"
A19: =A18+1 -> 14 | B19: =B18+C18 -> 111 | C19: 7 | D19: An | E19: 1. Sujeto pasivo - Número de grupo
A20: =A19+1 -> 15 | B20: =B19+C19 -> 118 | C20: 1 | D20: An | E20: 1. Sujeto pasivo - dominante? | G20: "0" ó "1"
A21: =A20+1 -> 16 | B21: =B20+C20 -> 119 | C21: 1 | D21: An | E21: 1. Sujeto pasivo - dependiente? | G21: "0" ó "1"
A22: =A21+1 -> 17 | B22: =B21+C21 -> 120 | C22: 1 | D22: An | E22: 1. Sujeto pasivo - Tipo régimen especial aplicable. Art 163 sexies.cinco. Si o No | G22: "0" - blanco, "1" - Si, "2" .- No
A23: =A22+1 -> 18 | B23: =B22+C22 -> 121 | C23: 9 | D23: An | E23: 1. Sujeto pasivo - NIF entidad dominante
A24: =A23+1 -> 19 | B24: =B23+C23 -> 130 | C24: 1 | D24: An | E24: 1. Sujeto pasivo - Concurso acreedores en este ejercicio | G24: "0" - blanco, "1" - Si, "2" .- No
A25: =A24+1 -> 20 | B25: =B24+C24 -> 131 | C25: 1 | D25: An | E25: 1. Sujeto pasivo - Regimen especial del criterio de caja | G25: "0" - blanco, "1" - Si, "2" .- No
A26: =A25+1 -> 21 | B26: =B25+C25 -> 132 | C26: 1 | D26: An | E26: 1. Sujeto pasivo - Ha sido destinatario del régimen especial del criterio de caja | G26: "0" - blanco, "1" - Si, "2" .- No
A27: =A26+1 -> 22 | B27: =B26+C26 -> 133 | C27: 1 | D27: Num | E27: 2. Devengo - Sustitutiva? | G27: "0" ó "1"
A28: =A27+1 -> 23 | B28: =B27+C27 -> 134 | C28: 1 | D28: Num | E28: 2. Devengo - Sustitutiva por rectificación de cuotas? | G28: "0" ó "1"
A29: =A28+1 -> 24 | B29: =B28+C28 -> 135 | C29: 13 | D29: An | E29: 2. Devengo - Nº justificante declaración anterior
A30: =A29+1 -> 25 | B30: =B29+C29 -> 148 | C30: 40 | D30: An | E30: 3. Datos estadísticos - A - Actividades - Principal
A31: =A30+1 -> 26 | B31: =B30+C30 -> 188 | C31: 1 | D31: Num | E31: 3. Datos estadísticos - B - Clave - Principal
A32: =A31+1 -> 27 | B32: =B31+C31 -> 189 | C32: 4 | D32: An | E32: 3. Datos estadísticos - C -Epígrafe I.A.E. - Principal
A33: =A32+1 -> 28 | B33: =B32+C32 -> 193 | C33: 40 | D33: An | E33: 3. Datos estadísticos - A - Actividades - Otras - 1ª
A34: =A33+1 -> 29 | B34: =B33+C33 -> 233 | C34: 1 | D34: Num | E34: 3. Datos estadísticos - B - Clave - Otras 1ª
A35: =A34+1 -> 30 | B35: =B34+C34 -> 234 | C35: 4 | D35: An | E35: 3. Datos estadísticos - C -Epígrafe I.A.E. - Otras 1º
A36: =A35+1 -> 31 | B36: =B35+C35 -> 238 | C36: 40 | D36: An | E36: 3. Datos estadísticos - A - Actividades - Otras - 2ª
A37: =A36+1 -> 32 | B37: =B36+C36 -> 278 | C37: 1 | D37: Num | E37: 3. Datos estadísticos - B - Clave - Otras 2ª
A38: =A37+1 -> 33 | B38: =B37+C37 -> 279 | C38: 4 | D38: An | E38: 3. Datos estadísticos - C -Epígrafe I.A.E. - Otras 2º
A39: =A38+1 -> 34 | B39: =B38+C38 -> 283 | C39: 40 | D39: An | E39: 3. Datos estadísticos - A - Actividades - Otras - 3ª
A40: =A39+1 -> 35 | B40: =B39+C39 -> 323 | C40: 1 | D40: Num | E40: 3. Datos estadísticos - B - Clave - Otras 3ª
... A47: =A46+1 -> 42 | B47: =B46+C46 -> 414 | C47: 4 | D47: An | E47: 3. Datos estadísticos - C -Epígrafe I.A.E. - Otras 5º
A48: =A47+1 -> 43 | B48: =B47+C47 -> 418 | C48: 1 | D48: An | E48: 3. Datos estadísticos - D - Declaración anual operac. con terceras personas. | G48: "0" ó "1"
A49: =A48+1 -> 44 | B49: =B48+C48 -> 419 | C49: 9 | D49: An | E49: 3. Datos estadísticos - Declaración conjunta - NIF.
A50: =A49+1 -> 45 | B50: =B49+C49 -> 428 | C50: 37 | D50: An | E50: 3. Datos estadísticos - Declaración conjunta - Razón social
A51: =A50+1 -> 46 | B51: =B50+C50 -> 465 | C51: 9 | D51: An | E51: 4. Representante - Personas Físicas/Comunid. Bienes - Represent. - NIF.
A52: =A51+1 -> 47 | B52: =B51+C51 -> 474 | C52: 80 | D52: An | E52: 4. Representante - Personas Físicas/Comunid. Bienes - Represent. - Apellidos y Nombre/Razón social
A53: =A52+1 -> 48 | B53: =B52+C52 -> 554 | C53: 2 | D53: An | E53: 4. Representante - Personas Físicas/Comunid. Bienes - Represent. - Calle/Pza./Avda.
A54: =A53+1 -> 49 | B54: =B53+C53 -> 556 | C54: 17 | D54: An | E54: 4. Representante - Personas Físicas/Comunid. Bienes - Represent. - Nombre de la vía pública
A55: =A54+1 -> 50 | B55: =B54+C54 -> 573 | C55: 5 | D55: An | E55: 4. Representante - Personas Físicas/Comunid. Bienes - Represent. - Número
A56: =A55+1 -> 51 | B56: =B55+C55 -> 578 | C56: 2 | D56: An | E56: 4. Representante - Personas Físicas/Comunid. Bienes - Represent. - Esc.
A57: =A56+1 -> 52 | B57: =B56+C56 -> 580 | C57: 2 | D57: An | E57: 4. Representante - Personas Físicas/Comunid. Bienes - Represent. - Piso
A58: =A57+1 -> 53 | B58: =B57+C57 -> 582 | C58: 2 | D58: An | E58: 4. Representante - Personas Físicas/Comunid. Bienes - Represent. - Prta.
A59: =A58+1 -> 54 | B59: =B58+C58 -> 584 | C59: 9 | D59: An | E59: 4. Representante - Personas Físicas/Comunid. Bienes - Represent. - Teléfono
A60: =A59+1 -> 55 | B60: =B59+C59 -> 593 | C60: 20 | D60: A | E60: 4. Representante - Personas Físicas/Comunid. Bienes - Represent. - Municipio
... A78: =A77+1 -> 73 | B78: =B77+C77 -> 1014 | C78: 150 | D78: An | E78: RESERVADO PARA LA A.E.A.T. (Dejar en blanco)
A79: =A78+1 -> 74 | B79: =B78+C78 -> 1164 | C79: 12 | D79: An | E79: Indentificador de Fin de registro | F79: OBLIGATORIO | G79: Constante "</T39001000>"
A80: TOTAL | C80: =SUM(C6:C79) -> 1175 | D80: POSICIONES
A82: Nota1:
A83: 1. Los campos deben ser A (Alfabético) An (Alfanumérico), Num (Numérico sin signo) o N (Numérico con signo).
A84: 2. Los campos alfanuméricos (An) sólo admiten letras, números y blancos. Deberán estar alineados a la izquierda, rellenando con blancos por la derecha.
A85: 3. Los campos numéricos (Num) sólo admiten números. Los datos numéricos deberán estar alineados a la derecha rellenando con ceros por la izquierda.
A86: 4. Los campos numéricos con signo (N) admiten números más el carácter N . Los datos numéricos deberán estar alineados a la derecha rellenando con ceros por la izquierda.
A87: 5. Los datos numéricos negativos llevarán una N en la primera posición del campo.

Sheet Pág. 2
B1: Agencia Tributaria
A3: Modelo 390 | C3: Diseño de registro. Castellano.
A4: ='Pág. 0'!A4:B4 -> vers.1.01 | C4: IVA
A5: Nº | B5: Posic. | C5: Lon | D5: Tipo | E5: Descripción | F5: Validación | G5: Contenido
A6: 1 | B6: 1 | C6: 2 | D6: An | E6: Inicio del identificador de modelo y página. | F6: OBLIGATORIO | G6: Constante "<T"
A7: =A6+1 -> 2 | B7: =B6+C6 -> 3 | C7: 3 | D7: Num | E7: Modelo. | F7: OBLIGATORIO | G7: Constante "390"
A8: =A7+1 -> 3 | B8: =B7+C7 -> 6 | C8: 5 | D8: Num | E8: Página. | F8: OBLIGATORIO | G8: Constante "02000"
A9: =A8+1 -> 4 | B9: =B8+C8 -> 11 | C9: 1 | D9: An | E9: Fin de identificador de modelo. | F9: OBLIGATORIO | G9: Constante ">"
A10: =A9+1 -> 5 | B10: =B9+C9 -> 12 | C10: 1 | D10: A | E10: Indicador de página complementaria. | G10: En Blanco
A11: =A10+1 -> 6 | B11: =B10+C10 -> 13 | C11: 17 | D11: N | E11: 5. Operaciones Reg. Gral. - Base Imponible y cuota - Reg. ordin. - Base imponible [01] | G11: 15 enteros 2 decimales
A12: =A11+1 -> 7 | B12: =B11+C11 -> 30 | C12: 17 | D12: N | E12: 5. Operaciones Reg. Gral. - Base Imponible y cuota - Reg. ordin. - Cuota [02] | G12: 15 enteros 2 decimales
A13: =A12+1 -> 8 | B13: =B12+C12 -> 47 | C13: 17 | D13: N | E13: 5. Operaciones Reg. Gral. - Base Imponible y cuota - Reg. ordin. - Base imponible [03] | G13: 15 enteros 2 decimales
A14: =A13+1 -> 9 | B14: =B13+C13 -> 64 | C14: 17 | D14: N | E14: 5. Operaciones Reg. Gral. - Base Imponible y cuota - Reg. ordin. - Cuota [04] | G14: 15 enteros 2 decimales
A15: =A14+1 -> 10 | B15: =B14+C14 -> 81 | C15: 17 | D15: N | E15: 5. Operaciones Reg. Gral. - Base Imponible y cuota - Reg. ordin. - Base imponible [05] | G15: 15 enteros 2 decimales
A16: =A15+1 -> 11 | B16: =B15+C15 -> 98 | C16: 17 | D16: N | E16: 5. Operaciones Reg. Gral. - Base Imponible y cuota - Reg. ordin. - Cuota [06] | G16: 15 enteros 2 decimales
A17: =A16+1 -> 12 | B17: =B16+C16 -> 115 | C17: 17 | D17: N | E17: 5. Operaciones Reg. Gral. - Base imponible y cuota - operaciones intragrupo - Base imponible [500] | G17: 15 enteros 2 decimales
A18: =A17+1 -> 13 | B18: =B17+C17 -> 132 | C18: 17 | D18: N | E18: 5. Operaciones Reg. Gral. - Base imponible y cuota - operaciones intragrupo - Cuota [501] | G18: 15 enteros 2 decimales
A19: =A18+1 -> 14 | B19: =B18+C18 -> 149 | C19: 17 | D19: N | E19: 5. Operaciones Reg. Gral. - Base imponible y cuota - operaciones intragrupo - Base imponible [502] | G19: 15 enteros 2 decimales
A20: =A19+1 -> 15 | B20: =B19+C19 -> 166 | C20: 17 | D20: N | E20: 5. Operaciones Reg. Gral. - Base imponible y cuota - operaciones intragrupo - Cuota [503] | G20: 15 enteros 2 decimales
A21: =A20+1 -> 16 | B21: =B20+C20 -> 183 | C21: 17 | D21: N | E21: 5. Operaciones Reg. Gral. - Base imponible y cuota - operaciones intragrupo - Base imponible [504] | G21: 15 enteros 2 decimales
... A71: =A70+1 -> 66 | B71: =B70+C70 -> 1033 | C71: 17 | D71: N | E71: 5. Operaciones Reg. Gral. - Base Imponible y cuota - Total cuotas IVA y recargo equivalencia [47] | G71: 15 enteros 2 decimales
A72: =A71+1 -> 67 | B72: =B71+C71 -> 1050 | C72: 150 | D72: An | E72: RESERVADO PARA LA A.E.A.T. (Dejar en blanco)
A73: =A72+1 -> 68 | B73: =B72+C72 -> 1200 | C73: 12 | D73: An | E73: Indentificador de Fin de registro | F73: OBLIGATORIO | G73: Constante "</T39002000>"
A74: TOTAL | C74: =SUM(C6:C73) -> 1211 | D74: POSICIONES
A77: Nota1:
A78: 1. Los campos deben ser A (Alfabético) An (Alfanumérico), Num (Numérico sin signo) o N (Numérico con signo).
A79: 2. Los campos alfanuméricos (An) sólo admiten letras, números y blancos. Deberán estar alineados a la izquierda, rellenando con blancos por la derecha.
A80: 3. Los campos numéricos (Num) sólo admiten números. Los datos numéricos deberán estar alineados a la derecha rellenando con ceros por la izquierda.
A81: 4. Los campos numéricos con signo (N) admiten números más el carácter N . Los datos numéricos deberán estar alineados a la derecha rellenando con ceros por la izquierda.
A82: 5. Los datos numéricos negativos llevarán una N en la primera posición del campo.

Sheet Pág. 3
B1: Agencia Tributaria
A3: Modelo 390 | C3: Diseño de registro. Castellano.
A4: ='Pág. 0'!A4:B4 -> vers.1.01 | C4: IVA
A5: Nº | B5: Posic. | C5: Lon | D5: Tipo | E5: Descripción | F5: Validación | G5: Contenido
A6: 1 | B6: 1 | C6: 2 | D6: An | E6: Inicio del identificador de modelo y página. | F6: OBLIGATORIO | G6: Constante "<T"
A7: =A6+1 -> 2 | B7: =B6+C6 -> 3 | C7: 3 | D7: Num | E7: Modelo. | F7: OBLIGATORIO | G7: Constante "390"
A8: =A7+1 -> 3 | B8: =B7+C7 -> 6 | C8: 5 | D8: Num | E8: Página. | F8: OBLIGATORIO | G8: Constante "03000"
A9: =A8+1 -> 4 | B9: =B8+C8 -> 11 | C9: 1 | D9: An | E9: Fin de identificador de modelo. | F9: OBLIGATORIO | G9: Constante ">"
A10: =A9+1 -> 5 | B10: =B9+C9 -> 12 | C10: 1 | D10: A | E10: Indicador de página complementaria. | G10: En Blanco
A11: =A10+1 -> 6 | B11: =B10+C10 -> 13 | C11: 17 | D11: N | E11: 5. Operaciones Reg. Gral. - IVA deducible - Oper. inter. corrientes bienes y servic. - Base imponible [190] | G11: 15 enteros 2 decimales
A12: =A11+1 -> 7 | B12: =B11+C11 -> 30 | C12: 17 | D12: N | E12: 5. Operaciones Reg. Gral. - IVA deducible - Oper. inter. corrientes bienes y servic. - Cuota [191] | G12: 15 enteros 2 decimales
A13: =A12+1 -> 8 | B13: =B12+C12 -> 47 | C13: 17 | D13: N | E13: 5. Operaciones Reg. Gral. - IVA deducible - Oper. inter. corrientes bienes y servic. - Base imponible [603] | G13: 15 enteros 2 decimales
A14: =A13+1 -> 9 | B14: =B13+C13 -> 64 | C14: 17 | D14: N | E14: 5. Operaciones Reg. Gral. - IVA deducible - Oper. inter. corrientes bienes y servic. - Cuota [604] | G14: 15 enteros 2 decimales
A15: =A14+1 -> 10 | B15: =B14+C14 -> 81 | C15: 17 | D15: N | E15: 5. Operaciones Reg. Gral. - IVA deducible - Oper. inter. corrientes bienes y servic. - Base imponible [605] | G15: 15 enteros 2 decimales
A16: =A15+1 -> 11 | B16: =B15+C15 -> 98 | C16: 17 | D16: N | E16: 5. Operaciones Reg. Gral. - IVA deducible - Oper. inter. corrientes bienes y servic. - Cuota [606] | G16: 15 enteros 2 decimales
A17: =A16+1 -> 12 | B17: =B16+C16 -> 115 | C17: 17 | D17: N | E17: 5. Operaciones Reg. Gral. - IVA deducible - Total oper. inter. corrientes bienes y servic. - Base imponible [48] | G17: 15 enteros 2 decimales
A18: =A17+1 -> 13 | B18: =B17+C17 -> 132 | C18: 17 | D18: N | E18: 5. Operaciones Reg. Gral. - IVA deducible - Total oper. inter. corrientes bienes y servic. - Cuota [49] | G18: 15 enteros 2 decimales
A19: =A18+1 -> 14 | B19: =B18+C18 -> 149 | C19: 17 | D19: N | E19: 5. Operaciones Reg. Gral. - IVA deducible - Oper. intragrupo corrientes - Base imponible [506] | G19: 15 enteros 2 decimales
A20: =A19+1 -> 15 | B20: =B19+C19 -> 166 | C20: 17 | D20: N | E20: 5. Operaciones Reg. Gral. - IVA deducible - Oper. intragrupo corrientes - Cuota [507] | G20: 15 enteros 2 decimales
A21: =A20+1 -> 16 | B21: =B20+C20 -> 183 | C21: 17 | D21: N | E21: 5. Operaciones Reg. Gral. - IVA deducible - Oper. intragrupo corrientes - Base imponible [607] | G21: 15 enteros 2 decimales
... A82: =A81+1 -> 77 | B82: =B81+C81 -> 1220 | C82: 17 | D82: N | E82: 5. Operaciones Reg. Gral. - IVA deducible - Total adqui. intra. servicios - Cuota [598] | G82: 15 enteros 2 decimales
A83: =A82+1 -> 78 | B83: =B82+C82 -> 1237 | C83: 150 | D83: An | E83: RESERVADO PARA LA A.E.A.T. (Dejar en blanco)
A84: =A83+1 -> 79 | B84: =B83+C83 -> 1387 | C84: 12 | D84: An | E84: Indentificador de Fin de registro | F84: OBLIGATORIO | G84: Constante "</T39003000>"
A85: TOTAL | C85: =SUM(C6:C84) -> 1398 | D85: POSICIONES
A87: Nota1:
A88: 1. Los campos deben ser A (Alfabético) An (Alfanumérico), Num (Numérico sin signo) o N (Numérico con signo).
A89: 2. Los campos alfanuméricos (An) sólo admiten letras, números y blancos. Deberán estar alineados a la izquierda, rellenando con blancos por la derecha.
A90: 3. Los campos numéricos (Num) sólo admiten números. Los datos numéricos deberán estar alineados a la derecha rellenando con ceros por la izquierda.
A91: 4. Los campos numéricos con signo (N) admiten números más el carácter N . Los datos numéricos deberán estar alineados a la derecha rellenando con ceros por la izquierda.
A92: 5. Los datos numéricos negativos llevarán una N en la primera posición del campo.

Sheet Pág. 4
B1: Agencia Tributaria
A3: Modelo 390 | C3: Diseño de registro. Castellano.
A4: ='Pág. 0'!A4:B4 -> vers.1.01 | C4: IVA
A5: Nº | B5: Posic. | C5: Lon | D5: Tipo | E5: Descripción | F5: Validación | G5: Contenido
A6: 1 | B6: 1 | C6: 2 | D6: An | E6: Inicio del identificador de modelo y página. | F6: OBLIGATORIO | G6: Constante "<T"
A7: =A6+1 -> 2 | B7: =B6+C6 -> 3 | C7: 3 | D7: Num | E7: Modelo. | F7: OBLIGATORIO | G7: Constante "390"
A8: =A7+1 -> 3 | B8: =B7+C7 -> 6 | C8: 5 | D8: Num | E8: Página. | F8: OBLIGATORIO | G8: Constante "04000"
A9: =A8+1 -> 4 | B9: =B8+C8 -> 11 | C9: 1 | D9: An | E9: Fin de identificador de modelo. | F9: OBLIGATORIO | G9: Constante ">"
A10: =A9+1 -> 5 | B10: =B9+C9 -> 12 | C10: 1 | D10: A | E10: Indicador de página complementaria. | G10: En Blanco
A11: =A10+1 -> 6 | B11: =B10+C10 -> 13 | C11: 17 | D11: N | E11: 5. Operaciones Reg. Gral. - IVA deducible - Compensac. rég. especial agric./ganad./pesca - Base impon. [60] | G11: 15 enteros 2 decimales
A12: =A11+1 -> 7 | B12: =B11+C11 -> 30 | C12: 17 | D12: N | E12: 5. Operaciones Reg. Gral. - IVA deducible - Compensac. rég. especial agric./ganad./pesca - Cuota deduc. [61] | G12: 15 enteros 2 decimales
A13: =A12+1 -> 8 | B13: =B12+C12 -> 47 | C13: 17 | D13: N | E13: 5. Operaciones Reg. Gral. - IVA deducible - Cuotas deducibles en virtud de resolución administrativa o sentencia firmes con tipos no vigentes - Base impon. [660] | G13: 15 enteros 2 decimales
A14: =A13+1 -> 9 | B14: =B13+C13 -> 64 | C14: 17 | D14: N | E14: 5. Operaciones Reg. Gral. - IVA deducible - Cuotas deducibles en virtud de resolución administrativa o sentencia firmes con tipos no vigentes - Cuota deduc. [661] | G14: 15 enteros 2 decimales
A15: =A14+1 -> 10 | B15: =B14+C14 -> 81 | C15: 17 | D15: N | E15: 5. Operaciones Reg. Gral. - IVA deducible - Rectificación de deducciones - Base imponible [639] | G15: 15 enteros 2 decimales
A16: =A15+1 -> 11 | B16: =B15+C15 -> 98 | C16: 17 | D16: N | E16: 5. Operaciones Reg. Gral. - IVA deducible - Rectificación de deducciones - Cuota [62] | G16: 15 enteros 2 decimales
A17: =A16+1 -> 12 | B17: =B16+C16 -> 115 | C17: 17 | D17: N | E17: 5. Operaciones Reg. Gral. - IVA deducible - Rectificación de deducciones intragrupo - Base impon. [651] | G17: 15 enteros 2 decimales
A18: =A17+1 -> 13 | B18: =B17+C17 -> 132 | C18: 17 | D18: N | E18: 5. Operaciones Reg. Gral. - IVA deducible - Rectificación de deducciones intragrupo - Cuota [652] | G18: 15 enteros 2 decimales
A19: =A18+1 -> 14 | B19: =B18+C18 -> 149 | C19: 17 | D19: N | E19: 5. Operaciones Reg. Gral. - IVA deducible - Regularización de inversiones [63] | G19: 15 enteros 2 decimales
A20: =A19+1 -> 15 | B20: =B19+C19 -> 166 | C20: 17 | D20: N | E20: 5. Operaciones Reg. Gral. - IVA deducible - Regularización por aplicación porcentaje definitivo de prorrata [522] | G20: 15 enteros 2 decimales
A21: =A20+1 -> 16 | B21: =B20+C20 -> 183 | C21: 17 | D21: N | E21: 5. Operaciones Reg. Gral. - IVA deducible - Suma de deducciones [64] | G21: 15 enteros 2 decimales
A22: =A21+1 -> 17 | B22: =B21+C21 -> 200 | C22: 17 | D22: N | E22: 5. Operaciones Reg. Gral. - Resultado régimen general [65] | G22: 15 enteros 2 decimales
A23: =A22+1 -> 18 | B23: =B22+C22 -> 217 | C23: 150 | D23: An | E23: RESERVADO PARA LA A.E.A.T. (Dejar en blanco)
A24: =A23+1 -> 19 | B24: =B23+C23 -> 367 | C24: 12 | D24: An | E24: Indentificador de Fin de registro | F24: OBLIGATORIO | G24: Constante "</T39004000>"
A25: TOTAL | C25: =SUM(C6:C24) -> 378 | D25: POSICIONES
A27: Nota1:
A28: 1. Los campos deben ser A (Alfabético) An (Alfanumérico), Num (Numérico sin signo) o N (Numérico con signo).
A29: 2. Los campos alfanuméricos (An) sólo admiten letras, números y blancos. Deberán estar alineados a la izquierda, rellenando con blancos por la derecha.
A30: 3. Los campos numéricos (Num) sólo admiten números. Los datos numéricos deberán estar alineados a la derecha rellenando con ceros por la izquierda.
A31: 4. Los campos numéricos con signo (N) admiten números más el carácter N . Los datos numéricos deberán estar alineados a la derecha rellenando con ceros por la izquierda.
A32: 5. Los datos numéricos negativos llevarán una N en la primera posición del campo.

Sheet Pág. 5
B1: Agencia Tributaria
A3: Modelo 390 | C3: Diseño de registro. Castellano.
A4: ='Pág. 0'!A4:B4 -> vers.1.01 | C4: IVA
A5: Nº | B5: Posic. | C5: Lon | D5: Tipo | E5: Com | F5: Descripción | G5: Validación | H5: Contenido
A6: 1 | B6: 1 | C6: 2 | D6: An | E6: C | F6: Inicio del identificador de modelo y página. | G6: OBLIGATORIO | H6: Constante "<T"
A7: =A6+1 -> 2 | B7: =B6+C6 -> 3 | C7: 3 | D7: Num | E7: C | F7: Modelo. | G7: OBLIGATORIO | H7: Constante "390"
A8: =A7+1 -> 3 | B8: =B7+C7 -> 6 | C8: 5 | D8: Num | E8: C | F8: Página. | G8: OBLIGATORIO | H8: Constante "05000"
A9: =A8+1 -> 4 | B9: =B8+C8 -> 11 | C9: 1 | D9: An | E9: C | F9: Fin de identificador de modelo. | G9: OBLIGATORIO | H9: Constante ">"
A10: =A9+1 -> 5 | B10: =B9+C9 -> 12 | C10: 1 | D10: A | E10: C | F10: Indicador de página complementaria. | H10: Blanco (No complementaria) o "C" (Complementaria)
A11: =A10+1 -> 6 | B11: =B10+C10 -> 13 | C11: 4 | D11: An | E11: C | F11: 6. Operaciones Reg. Simplificado - Actividad 1 - Epígrafe I.A.E. [66]
A12: =A11+1 -> 7 | B12: =B11+C11 -> 17 | C12: 10 | D12: Num | E12: C | F12: 6. Operaciones Reg. Simplificado - Actividad 1 - A - Nº unidades Módulo 1 | H12: 8 enteros 2 decimales
A13: =A12+1 -> 8 | B13: =B12+C12 -> 27 | C13: 17 | D13: Num | E13: C | F13: 6. Operaciones Reg. Simplificado - Actividad 1 - B - Importe Módulo 1 | H13: 15 enteros 2 decimales
A14: =A13+1 -> 9 | B14: =B13+C13 -> 44 | C14: 10 | D14: Num | E14: C | F14: 6. Operaciones Reg. Simplificado - Actividad 1 - A - Nº unidades Módulo 2 | H14: 8 enteros 2 decimales
A15: =A14+1 -> 10 | B15: =B14+C14 -> 54 | C15: 17 | D15: Num | E15: C | F15: 6. Operaciones Reg. Simplificado - Actividad 1 - B - Importe Módulo 2 | H15: 15 enteros 2 decimales
A16: =A15+1 -> 11 | B16: =B15+C15 -> 71 | C16: 10 | D16: Num | E16: C | F16: 6. Operaciones Reg. Simplificado - Actividad 1 - A - Nº unidades Módulo 3 | H16: 8 enteros 2 decimales
A17: =A16+1 -> 12 | B17: =B16+C16 -> 81 | C17: 17 | D17: Num | E17: C | F17: 6. Operaciones Reg. Simplificado - Actividad 1 - B - Importe Módulo 3 | H17: 15 enteros 2 decimales
A18: =A17+1 -> 13 | B18: =B17+C17 -> 98 | C18: 10 | D18: Num | E18: C | F18: 6. Operaciones Reg. Simplificado - Actividad 1 - A - Nº unidades Módulo 4 | H18: 8 enteros 2 decimales
A19: =A18+1 -> 14 | B19: =B18+C18 -> 108 | C19: 17 | D19: Num | E19: C | F19: 6. Operaciones Reg. Simplificado - Actividad 1 - B - Importe Módulo 4 | H19: 15 enteros 2 decimales
A20: =A19+1 -> 15 | B20: =B19+C19 -> 125 | C20: 10 | D20: Num | E20: C | F20: 6. Operaciones Reg. Simplificado - Actividad 1 - A - Nº unidades Módulo 5 | H20: 8 enteros 2 decimales
A21: =A20+1 -> 16 | B21: =B20+C20 -> 135 | C21: 17 | D21: Num | E21: C | F21: 6. Operaciones Reg. Simplificado - Actividad 1 - B - Importe Módulo 5 | H21: 15 enteros 2 decimales
A22: =A21+1 -> 17 | B22: =B21+C21 -> 152 | C22: 10 | D22: Num | E22: C | F22: 6. Operaciones Reg. Simplificado - Actividad 1 - A - Nº unidades Módulo 6 | H22: 8 enteros 2 decimales
A23: =A22+1 -> 18 | B23: =B22+C22 -> 162 | C23: 17 | D23: Num | E23: C | F23: 6. Operaciones Reg. Simplificado - Actividad 1 - B - Importe Módulo 6 | H23: 15 enteros 2 decimales
... A34: =A33+1 -> 29 | B34: =B33+C33 -> 316 | C34: 17 | D34: Num | E34: C | F34: 6. Operaciones Reg. Simplificado - Actividad 1 - Cuota derivada régimen simplificado [J1] | H34: 15 enteros 2 decimales
A35: =A34+1 -> 30 | B35: =B34+C34 -> 333 | C35: 4 | D35: An | E35: C | F35: 6. Operaciones Reg. Simplificado - Actividad 2 - Epígrafe I.A.E. [66]
A36: =A35+1 -> 31 | B36: =B35+C35 -> 337 | C36: 10 | D36: Num | E36: C | F36: 6. Operaciones Reg. Simplificado - Actividad 2 - A - Nº unidades Módulo 1 | H36: 8 enteros 2 decimales
A37: =A36+1 -> 32 | B37: =B36+C36 -> 347 | C37: 17 | D37: Num | E37: C | F37: 6. Operaciones Reg. Simplificado - Actividad 2 - B - Importe Módulo 1 | H37: 15 enteros 2 decimales
A38: =A37+1 -> 33 | B38: =B37+C37 -> 364 | C38: 10 | D38: Num | E38: C | F38: 6. Operaciones Reg. Simplificado - Actividad 2 - A - Nº unidades Módulo 2 | H38: 8 enteros 2 decimales
A39: =A38+1 -> 34 | B39: =B38+C38 -> 374 | C39: 17 | D39: Num | E39: C | F39: 6. Operaciones Reg. Simplificado - Actividad 2 - B - Importe Módulo 2 | H39: 15 enteros 2 decimales
A40: =A39+1 -> 35 | B40: =B39+C39 -> 391 | C40: 10 | D40: Num | E40: C | F40: 6. Operaciones Reg. Simplificado - Actividad 2 - A - Nº unidades Módulo 3 | H40: 8 enteros 2 decimales
A41: =A40+1 -> 36 | B41: =B40+C40 -> 401 | C41: 17 | D41: Num | E41: C | F41: 6. Operaciones Reg. Simplificado - Actividad 2 - B - Importe Módulo 3 | H41: 15 enteros 2 decimales
A42: =A41+1 -> 37 | B42: =B41+C41 -> 418 | C42: 10 | D42: Num | E42: C | F42: 6. Operaciones Reg. Simplificado - Actividad 2 - A - Nº unidades Módulo 4 | H42: 8 enteros 2 decimales
A43: =A42+1 -> 38 | B43: =B42+C42 -> 428 | C43: 17 | D43: Num | E43: C | F43: 6. Operaciones Reg. Simplificado - Actividad 2 - B - Importe Módulo 4 | H43: 15 enteros 2 decimales
A44: =A43+1 -> 39 | B44: =B43+C43 -> 445 | C44: 10 | D44: Num | E44: C | F44: 6. Operaciones Reg. Simplificado - Actividad 2 - A - Nº unidades Módulo 5 | H44: 8 enteros 2 decimales
A45: =A44+1 -> 40 | B45: =B44+C44 -> 455 | C45: 17 | D45: Num | E45: C | F45: 6. Operaciones Reg. Simplificado - Actividad 2 - B - Importe Módulo 5 | H45: 15 enteros 2 decimales
A46: =A45+1 -> 41 | B46: =B45+C45 -> 472 | C46: 10 | D46: Num | E46: C | F46: 6. Operaciones Reg. Simplificado - Actividad 2 - A - Nº unidades Módulo 6 | H46: 8 enteros 2 decimales
A47: =A46+1 -> 42 | B47: =B46+C46 -> 482 | C47: 17 | D47: Num | E47: C | F47: 6. Operaciones Reg. Simplificado - Actividad 2 - B - Importe Módulo 6 | H47: 15 enteros 2 decimales
... A58: =A57+1 -> 53 | B58: =B57+C57 -> 636 | C58: 17 | D58: Num | E58: C | F58: 6. Operaciones Reg. Simplificado - Actividad 2 - Cuota derivada régimen simplificado [J2] | H58: 15 enteros 2 decimales
A59: =A58+1 -> 54 | B59: =B58+C58 -> 653 | C59: 2 | D59: Num | F59: 6. Operaciones Reg. Simplificado - Act. Agrícolas y Ganaderas - Actividad 1 - Código
A60: =A59+1 -> 55 | B60: =B59+C59 -> 655 | C60: 17 | D60: Num | F60: 6. Operaciones Reg. Simplificado - Act. Agrícolas y Ganaderas - Actividad 1 - Volumen ingresos | H60: 15 enteros 2 decimales
A61: =A60+1 -> 56 | B61: =B60+C60 -> 672 | C61: 6 | D61: Num | F61: 6. Operaciones Reg. Simplificado - Act. Agrícolas y Ganaderas - Actividad 1 - Indice cuota | H61: 1 entero 5 decimales
A62: =A61+1 -> 57 | B62: =B61+C61 -> 678 | C62: 17 | D62: Num | F62: 6. Operaciones Reg. Simplificado - Act. Agrícolas y Ganaderas - Actividad 1 - Cuota devengada | H62: 15 enteros 2 decimales
A63: =A62+1 -> 58 | B63: =B62+C62 -> 695 | C63: 17 | D63: Num | F63: 6. Operaciones Reg. Simplificado - Act. Agrícolas y Ganaderas - Actividad 1 - Cuota soportada | H63: 15 enteros 2 decimales
A64: =A63+1 -> 59 | B64: =B63+C63 -> 712 | C64: 17 | D64: N | F64: 6. Operaciones Reg. Simplificado - Act. Agrícolas y Ganaderas - Actividad 1 - Cuota derivada Regimen Simplificado [K1] | H64: 15 enteros 2 decimales
A65: =A64+1 -> 60 | B65: =B64+C64 -> 729 | C65: 2 | D65: Num | F65: 6. Operaciones Reg. Simplificado - Act. Agrícolas y Ganaderas - Actividad 2 - Código
A66: =A65+1 -> 61 | B66: =B65+C65 -> 731 | C66: 17 | D66: Num | F66: 6. Operaciones Reg. Simplificado - Act. Agrícolas y Ganaderas - Actividad 2 - Volumen ingresos | H66: 15 enteros 2 decimales
A67: =A66+1 -> 62 | B67: =B66+C66 -> 748 | C67: 6 | D67: Num | F67: 6. Operaciones Reg. Simplificado - Act. Agrícolas y Ganaderas - Actividad 2 - Indice cuota | H67: 1 entero 5 decimales
A68: =A67+1 -> 63 | B68: =B67+C67 -> 754 | C68: 17 | D68: Num | F68: 6. Operaciones Reg. Simplificado - Act. Agrícolas y Ganaderas - Actividad 2- Cuota devengada | H68: 15 enteros 2 decimales
A69: =A68+1 -> 64 | B69: =B68+C68 -> 771 | C69: 17 | D69: Num | F69: 6. Operaciones Reg. Simplificado - Act. Agrícolas y Ganaderas - Actividad 2 - Cuota soportada | H69: 15 enteros 2 decimales
A70: =A69+1 -> 65 | B70: =B69+C69 -> 788 | C70: 17 | D70: N | F70: 6. Operaciones Reg. Simplificado - Act. Agrícolas y Ganaderas - Actividad 2 - Cuota derivada Regimen Simplificado [K2] | H70: 15 enteros 2 decimales
A71: =A70+1 -> 66 | B71: =B70+C70 -> 805 | C71: 2 | D71: Num | F71: 6. Operaciones Reg. Simplificado - Act. Agrícolas y Ganaderas - Actividad 3 - Código
A72: =A71+1 -> 67 | B72: =B71+C71 -> 807 | C72: 17 | D72: Num | F72: 6. Operaciones Reg. Simplificado - Act. Agrícolas y Ganaderas - Actividad 3 - Volumen ingresos | H72: 15 enteros 2 decimales
A73: =A72+1 -> 68 | B73: =B72+C72 -> 824 | C73: 6 | D73: Num | F73: 6. Operaciones Reg. Simplificado - Act. Agrícolas y Ganaderas - Actividad 3 - Indice cuota | H73: 1 entero 5 decimales
A74: =A73+1 -> 69 | B74: =B73+C73 -> 830 | C74: 17 | D74: Num | F74: 6. Operaciones Reg. Simplificado - Act. Agrícolas y Ganaderas - Actividad 3 - Cuota devengada | H74: 15 enteros 2 decimales
A75: =A74+1 -> 70 | B75: =B74+C74 -> 847 | C75: 17 | D75: Num | F75: 6. Operaciones Reg. Simplificado - Act. Agrícolas y Ganaderas - Actividad 3 - Cuota soportada | H75: 15 enteros 2 decimales
A76: =A75+1 -> 71 | B76: =B75+C75 -> 864 | C76: 17 | D76: N | F76: 6. Operaciones Reg. Simplificado - Act. Agrícolas y Ganaderas - Actividad 3 - Cuota derivada Regimen Simplificado [K3] | H76: 15 enteros 2 decimales
A77: =A76+1 -> 72 | B77: =B76+C76 -> 881 | C77: 2 | D77: Num | F77: 6. Operaciones Reg. Simplificado - Act. Agrícolas y Ganaderas - Actividad 4- Código
A78: =A77+1 -> 73 | B78: =B77+C77 -> 883 | C78: 17 | D78: Num | F78: 6. Operaciones Reg. Simplificado - Act. Agrícolas y Ganaderas - Actividad 4- Volumen ingresos | H78: 15 enteros 2 decimales
A79: =A78+1 -> 74 | B79: =B78+C78 -> 900 | C79: 6 | D79: Num | F79: 6. Operaciones Reg. Simplificado - Act. Agrícolas y Ganaderas - Actividad 4 - Indice cuota | H79: 1 entero 5 decimales
A80: =A79+1 -> 75 | B80: =B79+C79 -> 906 | C80: 17 | D80: Num | F80: 6. Operaciones Reg. Simplificado - Act. Agrícolas y Ganaderas - Actividad 4 - Cuota devengada | H80: 15 enteros 2 decimales
A81: =A80+1 -> 76 | B81: =B80+C80 -> 923 | C81: 17 | D81: Num | F81: 6. Operaciones Reg. Simplificado - Act. Agrícolas y Ganaderas - Actividad 4 - Cuota soportada | H81: 15 enteros 2 decimales
A82: =A81+1 -> 77 | B82: =B81+C81 -> 940 | C82: 17 | D82: N | F82: 6. Operaciones Reg. Simplificado - Act. Agrícolas y Ganaderas - Actividad 4 - Cuota derivada Regimen Simplificado [K4] | H82: 15 enteros 2 decimales
A83: =A82+1 -> 78 | B83: =B82+C82 -> 957 | C83: 2 | D83: Num | F83: 6. Operaciones Reg. Simplificado - Act. Agrícolas y Ganaderas - Actividad 5- Código
A84: =A83+1 -> 79 | B84: =B83+C83 -> 959 | C84: 17 | D84: Num | F84: 6. Operaciones Reg. Simplificado - Act. Agrícolas y Ganaderas - Actividad 5 - Volumen ingresos | H84: 15 enteros 2 decimales
A85: =A84+1 -> 80 | B85: =B84+C84 -> 976 | C85: 6 | D85: Num | F85: 6. Operaciones Reg. Simplificado - Act. Agrícolas y Ganaderas - Actividad 5 - Indice cuota | H85: 1 entero 5 decimales
A86: =A85+1 -> 81 | B86: =B85+C85 -> 982 | C86: 17 | D86: Num | F86: 6. Operaciones Reg. Simplificado - Act. Agrícolas y Ganaderas - Actividad 5 - Cuota devengada | H86: 15 enteros 2 decimales
A87: =A86+1 -> 82 | B87: =B86+C86 -> 999 | C87: 17 | D87: Num | F87: 6. Operaciones Reg. Simplificado - Act. Agrícolas y Ganaderas - Actividad 5 - Cuota soportada | H87: 15 enteros 2 decimales
A88: =A87+1 -> 83 | B88: =B87+C87 -> 1016 | C88: 17 | D88: N | F88: 6. Operaciones Reg. Simplificado - Act. Agrícolas y Ganaderas - Actividad 5 - Cuota derivada Regimen Simplificado [K5] | H88: 15 enteros 2 decimales
A89: =A88+1 -> 84 | B89: =B88+C88 -> 1033 | C89: 17 | D89: N | F89: 6. Operaciones Reg. Simplificado - IVA devengado - Suma cuotas actividades no agríc., ganad. y forest. [74] | H89: 15 enteros 2 decimales
A90: =A89+1 -> 85 | B90: =B89+C89 -> 1050 | C90: 17 | D90: N | F90: 6. Operaciones Reg. Simplificado - IVA devengado - Suma cuotas actividades agríc., ganad. y forest. [75] | H90: 15 enteros 2 decimales
A91: =A90+1 -> 86 | B91: =B90+C90 -> 1067 | C91: 17 | D91: N | F91: 6. Operaciones Reg. Simplificado - IVA devengado en adquisiciones intracomunitarias [76] | H91: 15 enteros 2 decimales
A92: =A91+1 -> 87 | B92: =B91+C91 -> 1084 | C92: 17 | D92: N | F92: 6. Operaciones Reg. Simplificado - IVA devengado - IVA devengado por inversión del sujeto pasivo [77] | H92: 15 enteros 2 decimales
A93: =A92+1 -> 88 | B93: =B92+C92 -> 1101 | C93: 17 | D93: N | F93: 6. Operaciones Reg. Simplificado - IVA devengado - IVA devengado en entregas de activos fijos [78] | H93: 15 enteros 2 decimales
A94: =A93+1 -> 89 | B94: =B93+C93 -> 1118 | C94: 17 | D94: N | F94: 6. Operaciones Reg. Simplificado - IVA devengado - Total cuota resultante [79] | H94: 15 enteros 2 decimales
A95: =A94+1 -> 90 | B95: =B94+C94 -> 1135 | C95: 17 | D95: N | F95: 6. Operaciones Reg. Simplificado - Deducciones - IVA soportado en adquisicion de activos fijos [80] | H95: 15 enteros 2 decimales
... A98: =A97+1 -> 93 | B98: =B97+C97 -> 1186 | C98: 17 | D98: N | F98: 6. Operaciones Reg. Simplificado - Resultado régimen simplificado [83] | H98: 15 enteros 2 decimales
A99: =A98+1 -> 94 | B99: =B98+C98 -> 1203 | C99: 150 | D99: An | F99: RESERVADO PARA LA A.E.A.T. (Dejar en blanco)
A100: =A99+1 -> 95 | B100: =B99+C99 -> 1353 | C100: 12 | D100: An | F100: Indentificador de Fin de registro | G100: OBLIGATORIO | H100: Constante "</T39005000>"
A101: TOTAL | C101: =SUM(C6:C100) -> 1364 | D101: POSICIONES
A104: Nota1:
A105: 1. Los campos deben ser A (Alfabético) An (Alfanumérico), Num (Numérico sin signo) o N (Numérico con signo).
A106: 2. Los campos alfanuméricos (An) sólo admiten letras, números y blancos. Deberán estar alineados a la izquierda, rellenando con blancos por la derecha.
A107: 3. Los campos numéricos (Num) sólo admiten números. Los datos numéricos deberán estar alineados a la derecha rellenando con ceros por la izquierda.
A108: 4. Los campos numéricos con signo (N) admiten números más el carácter N . Los datos numéricos deberán estar alineados a la derecha rellenando con ceros por la izquierda.
A109: 5. Los datos numéricos negativos llevarán una N en la primera posición del campo.

Sheet Pág. 6
B1: Agencia Tributaria
A3: Modelo 390 | C3: Diseño de registro. Castellano.
A4: ='Pág. 0'!A4:B4 -> vers.1.01 | C4: IVA
A5: Nº | B5: Posic. | C5: Lon | D5: Tipo | E5: Descripción | F5: Validación | G5: Contenido
A6: 1 | B6: 1 | C6: 2 | D6: An | E6: Inicio del identificador de modelo y página. | F6: OBLIGATORIO | G6: Constante "<T"
A7: =A6+1 -> 2 | B7: =B6+C6 -> 3 | C7: 3 | D7: Num | E7: Modelo.. | F7: OBLIGATORIO | G7: Constante "390"
A8: =A7+1 -> 3 | B8: =B7+C7 -> 6 | C8: 5 | D8: Num | E8: Página. | F8: OBLIGATORIO. | G8: Constante "06000"
A9: =A8+1 -> 4 | B9: =B8+C8 -> 11 | C9: 1 | D9: An | E9: Fin de identificador de modelo. | F9: OBLIGATORIO | G9: Constante ">"
A10: =A9+1 -> 5 | B10: =B9+C9 -> 12 | C10: 1 | D10: A | E10: Indicador de página complementaria. | G10: En blanco
A11: =A10+1 -> 6 | B11: =B10+C10 -> 13 | C11: 17 | D11: N | E11: 7. Resultado liquidación anual - Regularización cuotas art. 80.Cinco.5ª LIVA [658] | G11: 15 enteros 2 decimales
A12: =A11+1 -> 7 | B12: =B11+C11 -> 30 | C12: 17 | D12: N | E12: 7. Resultado liquidación anual - Suma de resultados [84] | G12: 15 enteros 2 decimales
A13: =A12+1 -> 8 | B13: =B12+C12 -> 47 | C13: 17 | D13: Num | E13: 7. Resultado liquidación anual - IVA a la importación liquidado por la Aduana (sólo sujetos pasivos con opción de diferimiento) [659] | G13: 15 enteros 2 decimales
A14: =A13+1 -> 9 | B14: =B13+C13 -> 64 | C14: 17 | D14: Num | E14: 7. Resultado liquidación anual - Compensación de cuotas ejercicio anterior [85] | G14: 15 enteros 2 decimales
A15: =A14+1 -> 10 | B15: =B14+C14 -> 81 | C15: 17 | D15: N | E15: 7. Resultado liquidación anual - Resultado de la liquidación [86] | G15: 15 enteros 2 decimales
A16: =A15+1 -> 11 | B16: =B15+C15 -> 98 | C16: 5 | D16: Num | E16: 8. Tributación razón de territorio - Administraciones - Territorio común [87] | G16: 3 enteros 2 decimales
A17: =A16+1 -> 12 | B17: =B16+C16 -> 103 | C17: 5 | D17: Num | E17: 8. Tributación razón de territorio - Administraciones - Álava [88] | G17: 3 enteros 2 decimales
A18: =A17+1 -> 13 | B18: =B17+C17 -> 108 | C18: 5 | D18: Num | E18: 8. Tributación razón de territorio - Administraciones - Guipúzcoa [89] | G18: 3 enteros 2 decimales
A19: =A18+1 -> 14 | B19: =B18+C18 -> 113 | C19: 5 | D19: Num | E19: 8. Tributación razón de territorio - Administraciones - Vizcaya [90] | G19: 3 enteros 2 decimales
A20: =A19+1 -> 15 | B20: =B19+C19 -> 118 | C20: 5 | D20: Num | E20: 8. Tributación razón de territorio - Administraciones - Navarra [91] | G20: 3 enteros 2 decimales
A21: =A20+1 -> 16 | B21: =B20+C20 -> 123 | C21: 17 | D21: N | E21: 8. Tributación razón de territorio - Administraciones - Regularización cuotas art. 80.Cinco.5ª LIVA [658] | G21: 15 enteros 2 decimales
... A49: =A48+1 -> 44 | B49: =B48+C48 -> 599 | C49: 17 | D49: N | E49: 10. Volumen de operaciones - Total volumen de operaciones [108] | G49: 15 enteros 2 decimales
A50: =A49+1 -> 45 | B50: =B49+C49 -> 616 | C50: 150 | D50: An | E50: RESERVADO PARA LA A.E.A.T. (Dejar en blanco)
A51: =A50+1 -> 46 | B51: =B50+C50 -> 766 | C51: 12 | D51: An | E51: Indentificador de Fin de registro | F51: OBLIGATORIO | G51: Constante "</T39006000>"
A52: TOTAL | C52: =SUM(C6:C51) -> 777 | D52: POSICIONES
A56: Nota1:
A57: 1. Los campos deben ser A (Alfabético) An (Alfanumérico), Num (Numérico sin signo) o N (Numérico con signo).
A58: 2. Los campos alfanuméricos (An) sólo admiten letras, números y blancos. Deberán estar alineados a la izquierda, rellenando con blancos por la derecha.
A59: 3. Los campos numéricos (Num) sólo admiten números. Los datos numéricos deberán estar alineados a la derecha rellenando con ceros por la izquierda.
A60: 4. Los campos numéricos con signo (N) admiten números más el carácter N . Los datos numéricos deberán estar alineados a la derecha rellenando con ceros por la izquierda.
A61: 5. Los datos numéricos negativos llevarán una N en la primera posición del campo.

Sheet Pág. 7
B1: Agencia Tributaria
A3: Modelo 390 | C3: Diseño de registro. Castellano.
A4: ='Pág. 0'!A4:B4 -> vers.1.01 | C4: IVA
A5: Nº | B5: Posic. | C5: Lon | D5: Tipo | E5: Com | F5: Descripción | G5: Validación | H5: Contenido
A6: 1 | B6: 1 | C6: 2 | D6: An | E6: C | F6: Inicio del identificador de modelo y página. | G6: OBLIGATORIO | H6: Constante "<T"
A7: =A6+1 -> 2 | B7: =B6+C6 -> 3 | C7: 3 | D7: Num | E7: C | F7: Modelo | G7: OBLIGATORIO | H7: Constante "390"
A8: =A7+1 -> 3 | B8: =B7+C7 -> 6 | C8: 5 | D8: Num | E8: C | F8: Página | G8: OBLIGATORIO. | H8: Constante "07000"
A9: =A8+1 -> 4 | B9: =B8+C8 -> 11 | C9: 1 | D9: An | E9: C | F9: Fin de identificador de modelo. | G9: OBLIGATORIO | H9: Constante ">"
A10: =A9+1 -> 5 | B10: =B9+C9 -> 12 | C10: 1 | D10: A | F10: Indicador de página complementaria. | H10: Blanco (No complementaria) o "C" (Complementaria)
A11: =A10+1 -> 6 | B11: =B10+C10 -> 13 | C11: 17 | D11: N | F11: 11. Oper. Específicas - Adquisiciones interiores exentas [230] | H11: 15 enteros 2 decimales
A12: =A11+1 -> 7 | B12: =B11+C11 -> 30 | C12: 17 | D12: N | F12: 11. Oper. específicas - Adquisiciones intracomunitarias exentas [109] | H12: 15 enteros 2 decimales
A13: =A12+1 -> 8 | B13: =B12+C12 -> 47 | C13: 17 | D13: N | F13: 11. Oper. Específicas - Importaciones exentas [231] | H13: 15 enteros 2 decimales
A14: =A13+1 -> 9 | B14: =B13+C13 -> 64 | C14: 17 | D14: N | F14: 11. Oper. Específicas - Bases imponibles IVA soportado no deducible [232] | H14: 15 enteros 2 decimales
A15: =A14+1 -> 10 | B15: =B14+C14 -> 81 | C15: 17 | D15: N | F15: 11. Oper. específicas - Oper. sujetas que originan el derecho a la devolución mensual [111] | H15: 15 enteros 2 decimales
A16: =A15+1 -> 11 | B16: =B15+C15 -> 98 | C16: 17 | D16: N | F16: 11. Oper. específicas - Entrega interior bienes devengada por invers. sujet. pasiv. operac. triangul. [113] | H16: 15 enteros 2 decimales
A17: =A16+1 -> 12 | B17: =B16+C16 -> 115 | C17: 17 | D17: N | F17: 11. Oper. Específicas - Servicios localizados en el territorio de aplicación del impuesto por inversión del sujeto pasivo [523] | H17: 15 enteros 2 decimales
A18: =A17+1 -> 13 | B18: =B17+C17 -> 132 | C18: 17 | D18: N | F18: 11. Oper. Específicas - Importes de las entregas de bienes regimen especial criterio caja - Base imponible [654] | H18: 15 enteros 2 decimales
A19: =A18+1 -> 14 | B19: =B18+C18 -> 149 | C19: 17 | D19: N | F19: 11. Oper. Específicas - Importes de las entregas de bienes regimen especial criterio caja - Cuota [655] | H19: 15 enteros 2 decimales
A20: =A19+1 -> 15 | B20: =B19+C19 -> 166 | C20: 17 | D20: N | F20: 11. Oper. Específicas - Importes de las adquisiciones de bienes regimen especial criterio caja - Base imponible [656] | H20: 15 enteros 2 decimales
A21: =A20+1 -> 16 | B21: =B20+C20 -> 183 | C21: 17 | D21: N | F21: 11. Oper. Específicas - Importes de las adquisiciones de bienes regimen especial criterio caja - Cuota [657] | H21: 15 enteros 2 decimales
A22: =A21+1 -> 17 | B22: =B21+C21 -> 200 | C22: 40 | D22: An | E22: C | F22: 12. Prorratas - 1 - Actividad desarrollada
A23: =A22+1 -> 18 | B23: =B22+C22 -> 240 | C23: 3 | D23: An | E23: C | F23: 12. Prorratas - 1 - Código CNAE [114] | H23: Incluido en fichero CNAE.TXT.
A24: =A23+1 -> 19 | B24: =B23+C23 -> 243 | C24: 17 | D24: Num | E24: C | F24: 12. Prorratas - 1 - Importe de operaciones [115] | H24: 15 enteros 2 decimales
A25: =A24+1 -> 20 | B25: =B24+C24 -> 260 | C25: 17 | D25: Num | E25: C | F25: 12. Prorratas - 1 - Importe de operaciones con derecho a deducción [116] | H25: 15 enteros 2 decimales
A26: =A25+1 -> 21 | B26: =B25+C25 -> 277 | C26: 1 | D26: An | E26: C | F26: 12. Prorratas - 1 - Tipo de prorrata [117] | H26: "G", "E" o blanco.
A27: =A26+1 -> 22 | B27: =B26+C26 -> 278 | C27: 5 | D27: Num | E27: C | F27: 12. Prorratas - 1 - % de prorrata [118] | H27: 3 enteros 2 decimales, menor o igual que 100.
A28: =A27+1 -> 23 | B28: =B27+C27 -> 283 | C28: 40 | D28: An | E28: C | F28: 12. Prorratas - 2 - Actividad desarrollada
A29: =A28+1 -> 24 | B29: =B28+C28 -> 323 | C29: 3 | D29: An | E29: C | F29: 12. Prorratas - 2 - Código CNAE [114] | H29: Incluido en fichero CNAE.TXT.
A30: =A29+1 -> 25 | B30: =B29+C29 -> 326 | C30: 17 | D30: Num | E30: C | F30: 12. Prorratas - 2 - Importe de operaciones [115] | H30: 15 enteros 2 decimales
A31: =A30+1 -> 26 | B31: =B30+C30 -> 343 | C31: 17 | D31: Num | E31: C | F31: 12. Prorratas - 2 - Importe de operaciones con derecho a deducción [116] | H31: 15 enteros 2 decimales
A32: =A31+1 -> 27 | B32: =B31+C31 -> 360 | C32: 1 | D32: An | E32: C | F32: 12. Prorratas - 2 - Tipo de prorrata [117] | H32: "G", "E" o blanco.
A33: =A32+1 -> 28 | B33: =B32+C32 -> 361 | C33: 5 | D33: Num | E33: C | F33: 12. Prorratas - 2 - % de prorrata [118] | H33: 3 enteros 2 decimales, menor o igual que 100.
A34: =A33+1 -> 29 | B34: =B33+C33 -> 366 | C34: 40 | D34: An | E34: C | F34: 12. Prorratas - 3 - Actividad desarrollada
A35: =A34+1 -> 30 | B35: =B34+C34 -> 406 | C35: 3 | D35: An | E35: C | F35: 12. Prorratas - 3 - Código CNAE [114] | H35: Incluido en fichero CNAE.TXT.
A36: =A35+1 -> 31 | B36: =B35+C35 -> 409 | C36: 17 | D36: Num | E36: C | F36: 12. Prorratas - 3 - Importe de operaciones [115] | H36: 15 enteros 2 decimales
A37: =A36+1 -> 32 | B37: =B36+C36 -> 426 | C37: 17 | D37: Num | E37: C | F37: 12. Prorratas - 3 - Importe de operaciones con derecho a deducción [116] | H37: 15 enteros 2 decimales
A38: =A37+1 -> 33 | B38: =B37+C37 -> 443 | C38: 1 | D38: An | E38: C | F38: 12. Prorratas - 3 - Tipo de prorrata [117] | H38: "G", "E" o blanco.
A39: =A38+1 -> 34 | B39: =B38+C38 -> 444 | C39: 5 | D39: Num | E39: C | F39: 12. Prorratas - 3 - % de prorrata [118] | H39: 3 enteros 2 decimales, menor o igual que 100.
A40: =A39+1 -> 35 | B40: =B39+C39 -> 449 | C40: 40 | D40: An | E40: C | F40: 12. Prorratas - 4 - Actividad desarrollada
A41: =A40+1 -> 36 | B41: =B40+C40 -> 489 | C41: 3 | D41: An | E41: C | F41: 12. Prorratas - 4 - Código CNAE [114] | H41: Incluido en fichero CNAE.TXT.
A42: =A41+1 -> 37 | B42: =B41+C41 -> 492 | C42: 17 | D42: Num | E42: C | F42: 12. Prorratas - 4 - Importe de operaciones [115] | H42: 15 enteros 2 decimales
A43: =A42+1 -> 38 | B43: =B42+C42 -> 509 | C43: 17 | D43: Num | E43: C | F43: 12. Prorratas - 4 - Importe de operaciones con derecho a deducción [116] | H43: 15 enteros 2 decimales
A44: =A43+1 -> 39 | B44: =B43+C43 -> 526 | C44: 1 | D44: An | E44: C | F44: 12. Prorratas - 4 - Tipo de prorrata [117] | H44: "G", "E" o blanco.
A45: =A44+1 -> 40 | B45: =B44+C44 -> 527 | C45: 5 | D45: Num | E45: C | F45: 12. Prorratas - 4 - % de prorrata [118] | H45: 3 enteros 2 decimales, menor o igual que 100.
A46: =A45+1 -> 41 | B46: =B45+C45 -> 532 | C46: 40 | D46: An | E46: C | F46: 12. Prorratas - 5 - Actividad desarrollada
A47: =A46+1 -> 42 | B47: =B46+C46 -> 572 | C47: 3 | D47: An | E47: C | F47: 12. Prorratas - 5 - Código CNAE [114] | H47: Incluido en fichero CNAE.TXT.
A48: =A47+1 -> 43 | B48: =B47+C47 -> 575 | C48: 17 | D48: Num | E48: C | F48: 12. Prorratas - 5 - Importe de operaciones [115] | H48: 15 enteros 2 decimales
A49: =A48+1 -> 44 | B49: =B48+C48 -> 592 | C49: 17 | D49: Num | E49: C | F49: 12. Prorratas - 5 - Importe de operaciones con derecho a deducción [116] | H49: 15 enteros 2 decimales
A50: =A49+1 -> 45 | B50: =B49+C49 -> 609 | C50: 1 | D50: An | E50: C | F50: 12. Prorratas - 5 - Tipo de prorrata [117] | H50: "G", "E" o blanco.
A51: =A50+1 -> 46 | B51: =B50+C50 -> 610 | C51: 5 | D51: Num | E51: C | F51: 12. Prorratas - 5 - % de prorrata [118] | H51: 3 enteros 2 decimales, menor o igual que 100.
A52: =A51+1 -> 47 | B52: =B51+C51 -> 615 | C52: 150 | D52: An | F52: RESERVADO PARA LA A.E.A.T. (Dejar en blanco)
A53: =A52+1 -> 48 | B53: =B52+C52 -> 765 | C53: 12 | D53: An | E53: C | F53: Indentificador de Fin de registro | G53: OBLIGATORIO | H53: Constante "</T3900700>"
A54: TOTAL | C54: =SUM(C6:C53) -> 776 | D54: POSICIONES
A58: Nota1:
A59: 1. Los campos deben ser A (Alfabético) An (Alfanumérico), Num (Numérico sin signo) o N (Numérico con signo).
A60: 2. Los campos alfanuméricos (An) sólo admiten letras, números y blancos. Deberán estar alineados a la izquierda, rellenando con blancos por la derecha.
A61: 3. Los campos numéricos (Num) sólo admiten números. Los datos numéricos deberán estar alineados a la derecha rellenando con ceros por la izquierda.
A62: 4. Los campos numéricos con signo (N) admiten números más el carácter N . Los datos numéricos deberán estar alineados a la derecha rellenando con ceros por la izquierda.
A63: 5. Los datos numéricos negativos llevarán una N en la primera posición del campo.

Sheet Pág. 8
B1: Agencia Tributaria
A3: Modelo 390 | C3: Diseño de registro. Castellano.
A4: ='Pág. 0'!A4:B4 -> vers.1.01 | C4: IVA
A5: Nº | B5: Posic. | C5: Lon | D5: Tipo | E5: Descripción | F5: Validación | G5: Contenido
A6: 1 | B6: 1 | C6: 2 | D6: An | E6: Inicio del identificador de modelo y página. | F6: OBLIGATORIO | G6: Constante "<T"
A7: =A6+1 -> 2 | B7: =B6+C6 -> 3 | C7: 3 | D7: Num | E7: Modelo | F7: OBLIGATORIO | G7: Constante "390"
A8: =A7+1 -> 3 | B8: =B7+C7 -> 6 | C8: 5 | D8: Num | E8: Página | F8: OBLIGATORIO. | G8: Constante "08000"
A9: =A8+1 -> 4 | B9: =B8+C8 -> 11 | C9: 1 | D9: An | E9: Fin de identificador de modelo. | F9: OBLIGATORIO | G9: Constante ">"
A10: =A9+1 -> 5 | B10: =B9+C9 -> 12 | C10: 1 | D10: A | E10: Indicador de página complementaria. | G10: En blanco
A11: =A10+1 -> 6 | B11: =B10+C10 -> 13 | C11: 17 | D11: N | E11: 13. Reg. Deducc. Diferenc.- 1 - IVA ded. Operac. Interiores - Bienes y servic. - Base imponible [139] | G11: 15 enteros 2 decimales
A12: =A11+1 -> 7 | B12: =B11+C11 -> 30 | C12: 17 | D12: N | E12: 13. Reg. Deducc. Diferenc.- 1 - IVA ded. Operac. Interiores - Bienes y servic. - Cuota deducible [140] | G12: 15 enteros 2 decimales
A13: =A12+1 -> 8 | B13: =B12+C12 -> 47 | C13: 17 | D13: N | E13: 13. Reg. Deducc. Diferenc.- 1 - IVA ded. Operac. Interiores - Bienes inversión - Base imponible [141] | G13: 15 enteros 2 decimales
A14: =A13+1 -> 9 | B14: =B13+C13 -> 64 | C14: 17 | D14: N | E14: 13. Reg. Deducc. Diferenc.- 1 - IVA ded. Operac. Interiores - Bienes inversión - Cuota deducible [142] | G14: 15 enteros 2 decimales
A15: =A14+1 -> 10 | B15: =B14+C14 -> 81 | C15: 17 | D15: N | E15: 13. Reg. Deducc. Diferenc.- 1 - IVA ded. Importaciones - Bienes corrientes - Base imponible [143] | G15: 15 enteros 2 decimales
A16: =A15+1 -> 11 | B16: =B15+C15 -> 98 | C16: 17 | D16: N | E16: 13. Reg. Deducc. Diferenc.- 1 - IVA ded. Importaciones - Bienes corrientes - Cuota deducible [144] | G16: 15 enteros 2 decimales
A17: =A16+1 -> 12 | B17: =B16+C16 -> 115 | C17: 17 | D17: N | E17: 13. Reg. Deducc. Diferenc.- 1 - IVA ded. Importaciones - Bienes inversión - Base imponible [145] | G17: 15 enteros 2 decimales
A18: =A17+1 -> 13 | B18: =B17+C17 -> 132 | C18: 17 | D18: N | E18: 13. Reg. Deducc. Diferenc.- 1 - IVA ded. Importaciones - Bienes inversión - Cuota deducible [146] | G18: 15 enteros 2 decimales
A19: =A18+1 -> 14 | B19: =B18+C18 -> 149 | C19: 17 | D19: N | E19: 13. Reg. Deducc. Diferenc.- 1 - IVA ded. Adquisic. intracomun. - Bienes corrientes - Base imponible [147] | G19: 15 enteros 2 decimales
A20: =A19+1 -> 15 | B20: =B19+C19 -> 166 | C20: 17 | D20: N | E20: 13. Reg. Deducc. Diferenc.- 1 - IVA ded. Adquisic. intracomun. - Bienes corrientes - Cuota deducible [148] | G20: 15 enteros 2 decimales
A21: =A20+1 -> 16 | B21: =B20+C20 -> 183 | C21: 17 | D21: N | E21: 13. Reg. Deducc. Diferenc.- 1 - IVA ded. Adquisic. intracomun. - Bienes inversión - Base imponible [149] | G21: 15 enteros 2 decimales
... A64: =A63+1 -> 59 | B64: =B63+C63 -> 914 | C64: 17 | D64: N | E64: 13. Reg. Deducc. Diferenc.- 3 - Suma de deducciones [189] | G64: 15 enteros 2 decimales
A65: =A64+1 -> 60 | B65: =B64+C64 -> 931 | C65: 150 | D65: An | E65: RESERVADO PARA LA A.E.A.T. (Dejar en blanco)
A66: =A65+1 -> 61 | B66: =B65+C65 -> 1081 | C66: 12 | D66: An | E66: Indentificador de Fin de registro | F66: OBLIGATORIO | G66: Constante "</T39008000>"
A67: TOTAL | C67: =SUM(C6:C66) -> 1092 | D67: POSICIONES
A71: Nota1:
A72: 1. Los campos deben ser A (Alfabético) An (Alfanumérico), Num (Numérico sin signo) o N (Numérico con signo).
A73: 2. Los campos alfanuméricos (An) sólo admiten letras, números y blancos. Deberán estar alineados a la izquierda, rellenando con blancos por la derecha.
A74: 3. Los campos numéricos (Num) sólo admiten números. Los datos numéricos deberán estar alineados a la derecha rellenando con ceros por la izquierda.
A75: 4. Los campos numéricos con signo (N) admiten números más el carácter N . Los datos numéricos deberán estar alineados a la derecha rellenando con ceros por la izquierda.
A76: 5. Los datos numéricos negativos llevarán una N en la primera posición del campo.
